 Dungeon Crawl Stone Soup version 0.18.1-50-g88ac8fd (webtiles) character file.

826 Chiseanne the Covert (level 7, -3/33 HPs)
             Began as a Spriggan Assassin on Mar 28, 2017.
             Was an Initiate of Gozag.
             Killed by divine providence
             ... invoked by an orc priest
              (17 damage)
             ... on level 6 of the Dungeon.
             The game lasted 00:09:56 (5534 turns).

Chiseanne the Covert (Spriggan Assassin)            Turns: 5534, Time: 00:09:57

Health: -3/33      AC:  5    Str:  7    XL:     7   Next: 64%
Magic:  8/8        EV: 14    Int: 12    God:    Gozag
Gold:   495        SH:  0    Dex: 20    Spells: 0 memorised, 6 levels left

rFire  + + .     SeeInvis +     w - +0 blowgun
rCold  . . .     Gourm    .     h - mottled dragon hide
rNeg   . . .     Faith    .     (shield restricted)
rPois  .         Spirit   .     (helmet restricted)
rElec  .         Dismiss  .     d - +1 cloak
rCorr  .         Reflect  .     (gloves unavailable)
SustAt .         Harm     .     (boots unavailable)
MR     +....                    (no amulet)
Stlth  ++++++....               q - ring of protection from fire
                                o - ring of protection from fire

@: drained, very quick, somewhat resistant to hostile enchantments, very
stealthy
A: unfitting armour, see invisible, herbivore 3, speed 3, slow metabolism 2
a: Potion Petition, Call Merchant, Bribe Branch, Renounce Religion


You were on level 6 of the Dungeon.
You worshipped Gozag.
Gozag was noncommittal.
You were not hungry.

You visited 1 branch of the dungeon, and saw 6 of its levels.

You collected 556 gold pieces.
You paid 61 gold pieces to Gozag.

Inventory:

Hand Weapons
 a - a +4 short sword of protection
 w - a +0 blowgun (weapon)
Missiles
 e - 5 poisoned needles (quivered)
 f - 2 curare-tipped needles
 i - 31 arrows
 l - 108 stones
 r - 17 bolts
 x - 15 sling bullets
Armour
 d - a +1 cloak (worn)
 h - a mottled dragon hide (worn)
Jewellery
 o - a ring of protection from fire (left hand)
 q - a ring of protection from fire (right hand)
 s - an uncursed ring of ice
Wands
 B - a wand of iceblast (4/15)
Scrolls
 b - 2 scrolls of remove curse
 t - 3 scrolls of blinking
 u - a scroll of teleportation
 y - a scroll of immolation
Potions
 c - a potion of degeneration {unknown}
 j - 2 potions of curing
 k - a potion of mutation {unknown}
 m - a potion of cancellation {unknown}
 n - 2 potions of flight {unknown}
 p - a potion of heal wounds {unknown}
 v - a potion of magic {unknown}
 z - a potion of haste {unknown}
 A - 2 potions of invisibility
Comestibles
 g - 4 bread rations


   Skills:
 - Level 1.5(0.5) Fighting
 - Level 2.1(1.1) Short Blades
 - Level 2.0(0.9) Throwing
 - Level 1.5(0.4) Dodging
 + Level 13.9(12.4) Stealth


You had 6 spell levels left.
You didn't know any spells.

Dungeon Overview and Level Annotations

Branches:
Dungeon (5/15)             Temple (0/1) D:4

Altars:
Dithmenos
Gozag
Kikubaaqudgha
Makhleb
Nemelex Xobeh
Pakellas
Qazlal
Ru
Sif Muna
Yredelemnul

Shops:
D:5 [


Innate Abilities, Weirdness & Mutations

You are tiny and cannot use many weapons and most armour.
You have supernaturally acute eyesight.
You are a herbivore.
You cover ground extremely quickly.
You need consume almost no food.


Message History

Firing (i - inventory. (,) - cycle):
e - 6 poisoned needles (quivered)
Press: ? - help, Shift-Dir - straight line, f/p - orc wizard
Aim: an orc wizard, wielding a dagger and wearing a robe (lightly wounded, poisoned)
You shoot a poisoned needle.
The poisoned needle hits the orc wizard.
The orc wizard looks even sicker.
The orc wizard is lightly wounded.
The orc priest mumbles some strange prayers to Beogh against you.
Beogh smites you!
A giant newt comes into view.
An orc comes into view. It is wielding a mace.
You see here a wand of flame.
An orc comes into view.
The orc wizard casts a spell at you. The puff of frost misses you.
The orc moves out of view.
The orc priest invokes the aid of Beogh against you.
Beogh smites you!
Ouch! That really hurt!
You die...
Your body crumbles into a pile of gold.

#.# # # #.##.# .# ..
#.##.##.# .#
#.######.#...#.# .#
..#...........(..#..#
...........#.....#..#
#.#######..##.#l..o.#
#...........#
#.....@o..#
####.##/#.# #.##.# $
#.##(# #.##o# #.##o#
# ##.##o#.# #....o..#
#..##$###


You could see an orc priest, 2 orc wizards, 3 orcs and a giant newt (wandering).

Vanquished Creatures
  Grinder (D:4)
  An ogre (D:4)
  A centaur (D:5)
  A giant frog (D:4)
  A scorpion (D:5)
  2 hounds
  2 orc wizards
  2 worker ants (D:4)
  A hound skeleton (D:5)
  4 adders
  An adder skeleton (D:4)
  3 worms
  A dart slug (D:2)
  4 giant geckos
  9 orcs
  5 giant cockroaches
  10 goblins
  11 hobgoblins
  10 jackals
  A quokka (D:4)
  2 ball pythons (D:2)
  5 bats
  5 giant newts
  8 kobolds
  A quokka skeleton (D:4)
  7 rats
99 creatures vanquished.

Notes
Turn   | Place    | Note
--------------------------------------------------------------
     0 | D:1      | Chiseanne the Spriggan Assassin began the quest for the Orb.
     0 | D:1      | Reached XP level 1. HP: 10/10 MP: 2/2
   109 | D:1      | Reached skill level 6 in Stealth
   406 | D:1      | Reached XP level 2. HP: 14/14 MP: 3/3
   844 | D:1      | Reached skill level 7 in Stealth
  1387 | D:2      | Reached XP level 3. HP: 18/18 MP: 4/4
  1737 | D:2      | Found a basalt altar of Yredelemnul.
  1837 | D:2      | Reached skill level 8 in Stealth
  2229 | D:2      | Reached XP level 4. HP: 13/22 MP: 5/5
  2591 | D:2      | Found a stormy altar of Qazlal.
  2593 | D:2      | Noticed an earth elemental
  2594 | D:2      | Noticed an air elemental
  2594 | D:2      | Noticed a water elemental
  2594 | D:2      | Noticed a fire elemental
  2724 | D:3      | Found a shadowy altar of Dithmenos.
  2756 | D:3      | Reached skill level 9 in Stealth
  3161 | D:3      | Reached XP level 5. HP: 25/25 MP: 6/6
  3297 | D:3      | Found a sparkling altar of Nemelex Xobeh.
  3334 | D:3      | Found an oddly glowing altar of Pakellas.
  3340 | D:3      | Found a burning altar of Makhleb.
  3340 | D:3      | Found an opulent altar of Gozag.
  3341 | D:3      | Found a deep blue altar of Sif Muna.
  3342 | D:3      | Found a sacrificial altar of Ru.
  3345 | D:3      | Found an ancient bone altar of Kikubaaqudgha.
  3348 | D:3      | Became a worshipper of Gozag Ym Sagoz the Greedy
  3640 | D:4      | Reached skill level 10 in Stealth
  3756 | D:4      | Noticed Grinder
  3763 | D:4      | Killed Grinder
  3763 | D:4      | Reached skill level 11 in Stealth
  3763 | D:4      | Reached XP level 6. HP: 30/30 MP: 7/7
  3874 | D:4      | Found a staircase to the Ecumenical Temple.
  3902 | D:4      | Reached skill level 12 in Stealth
  3945 | D:4      | Found a sacrificial altar of Ru.
  4142 | D:4      | Reached XP level 7. HP: 10/33 MP: 8/8
  4448 | D:5      | Entered Level 5 of the Dungeon
  4484 | D:4      | Reached skill level 13 in Stealth
  5300 | D:5      | Found Joxt's Armour Shop.
  5492 | D:5      | You fall through a shaft!
  5534 | D:6      | Killed from afar by an orc priest

Skill      XL: |  1  2  3  4  5  6  7 |
---------------+----------------------+-----
Stealth        | 6 7 8 9 11 12 13 | 13.9
Fighting       | |  1.5
Short Blades   | |  2.1
Throwing       | |  2.0
Dodging        | |  1.5

Action                   |  1- 3 |  4- 6 |  7- 9 || total
-------------------------+-------+-------+-------++-------
Melee: Dagger            |   137 |    16 |       ||   153
       Short sword       |       |    98 |    99 ||   197
 Fire: Blowgun           |    17 |     9 |    16 ||    42
  Use: Scroll            |     4 |     8 |     2 ||    14
       Potion            |       |       |     1 ||     1
 Stab: Sleeping          |     9 |    16 |     2 ||    27
       Distracted        |       |     1 |     1 ||     2
  Eat: Bread ration      |       |     1 |       ||     1
Armor: Robe              |     7 |       |       ||     7
       Mottled dragon hi |    30 |    23 |    29 ||    82
Dodge: Dodged            |    88 |    73 |   101 ||   262
